 Dungeon Crawl Stone Soup version 0.22-a0-866-geee50340df (webtiles) character file.

389 Htamos the Poker (level 7, 0/52 HPs)
             Began as a Formicid Skald on July 28, 2018.
             Was an Initiate of Makhleb.
             Succumbed to an adder's poison
             ... on level 3 of the Dungeon.
             The game lasted 00:09:50 (4009 turns).

Htamos the Poker (Formicid Skald)                   Turns: 4009, Time: 00:09:50

Health: 0/52       AC:  5    Str: 16    XL:     7   Next: 7%
Magic:  11/11      EV: 11    Int: 12    God:    Makhleb [......]
Gold:   242        SH:  0    Dex: 12    Spells: 8/12 levels left

rFire    . . .     SeeInvis +   a - +0 spear
rCold    . . .     Gourm    .   (no shield)
rNeg     . . .     Faith    .   u - +0 ring mail
rPois    .         Spirit   .   (helmet unavailable)
rElec    .         Reflect  .   (no cloak)
rCorr    .         Harm     .   (no gloves)
MR       .....                  (no boots)
Stlth    +.........             (no amulet)
HPRegen  0.17/turn              (no ring)
MPRegen  0.12/turn              (no ring)

@: lethally poisoned (0 -> -6), flying
A: permanent stasis, dig shafts and tunnels, four strong arms, antennae 3
a: Dig, Shaft Self, Renounce Religion


You were on level 3 of the Dungeon.
You worshipped Makhleb.
Makhleb was noncommittal.
You were hungry.

You visited 1 branch of the dungeon, and saw 4 of its levels.

You collected 242 gold pieces.

Inventory:

Hand Weapons
 a - a +0 spear (weapon)
 v - a +0 blowgun
 y - a +3 falchion
Missiles
 x - 18 poisoned needles
Armour
 b - a +0 leather armour
 u - a +0 ring mail (worn)
Wands
 q - a wand of iceblast (9)
 t - a wand of polymorph (4)
Scrolls
 c - a scroll of enchant armour
 e - 3 scrolls of identify
 f - a scroll of noise {unknown}
 g - a scroll of remove curse {unknown}
 i - 2 scrolls of fear {unknown}
 k - 2 scrolls of blinking {unknown}
 n - a scroll of teleportation {unknown}
 s - a scroll of random uselessness {unknown}
Comestibles
 d - 6 rations


   Skills:
 + Level 3.3 Fighting
 + Level 4.0 Polearms
 + Level 2.7 Armour
 + Level 2.7 Dodging
 - Level 3.1 Spellcasting
 * Level 3.8 Charms
 + Level 1.6 Invocations


You had 8 spell levels left.
You knew the following spells:

 Your Spells              Type           Power        Failure   Level  Hunger
a - Infusion              Chrm           ##..         9%          1    #......
b - Spectral Weapon       Hex/Chrm       #.......     52%         3    ###....

Your spell library contained the following spells:

 Spells                   Type           Power        Failure   Level  Hunger
 Confuse                  Hex            #.......     80%         3    ###....
 Regeneration             Chrm/Necr      #.........   52%         3    ###....
 Confusing Touch          Hex            #.....       41%         1    #......
 Metabolic Englaciation   Hex/Ice        #.........   100%        5    ######.
 Petrify                  Tmut/Erth      #.......     99%         4    #####..
 Shroud of Golubria       Chrm/Tloc      #.........   30%         2    ###....
 Song of Slaying          Chrm           ##......     14%         2    ###....
 Gell's Gravitas          Tloc           #.........   80%         3    ###....
 Yara's Violent Unravell  Hex/Tmut       #.........   100%        5    ######.


Dungeon Overview and Level Annotations

Branches:
Dungeon (4/15)
 Temple: D:4-7

Altars:
Fedhas
Kikubaaqudgha
Makhleb
Ru
Uskayaw
Vehumet
Wu Jian
Yredelemnul


Innate Abilities, Weirdness & Mutations

You cannot be hasted, slowed, berserked, paralysed or teleported.
You can dig through walls and to a lower floor.
Your four strong arms can wield two-handed weapons with a shield.
You have a pair of large antennae on your head. (SInv)


Message History

Okay, then.
As you read the scroll labeled NACWIU BO GECREVIE, it crumbles to dust.
It is a scroll of identify.
c - a scroll of enchant armour The adder bites you but does no damage.
The adder bites you.
* * * LOW HITPOINT WARNING * * *
You are poisoned.
The adder poisons you!
You feel very buoyant.
You fly up into the air.
You feel sick. The adder barely misses you.
You feel sick. The adder bites you.
* * * LOW HITPOINT WARNING * * *
You are lethally poisoned!
The adder poisons you!
* * * LOW HITPOINT WARNING * * *
You feel sick.
* * * LOW HITPOINT WARNING * * *
You feel sick.
You die...

......# #####.# ###
#####.##########.##
..................# ######
###########.####.########....###
...########...........)........#
.......##........#.###.....§.§.#
##...#.##.#..#...#.###.###..§§§##
##...#.##.#.....@.S.o......§....#
##...#.##.#...##...###.###......#
.....#.##.#...##...###.####...#.#
...............[......>.# #.....#
##.....##.#.............###...###
...............#...###....o...#
..........#...................#
...............##..........#..#
#..............######...#.....###


You could see an orc warrior and an adder.

Vanquished Creatures
  Edmund (D:3)
  A bullfrog (D:4)
  3 orc priests
  2 orc wizards
  A hound skeleton (D:4)
  An adder (D:2)
  An adder skeleton (D:4)
  2 dart slugs
  10 orcs
  2 giant cockroaches
  4 goblins
  2 hobgoblins (D:1)
  A jackal (D:3)
  4 kobolds
  A quokka (D:2)
  6 bats
  2 frilled lizards
  A quokka skeleton (D:4)
  3 rats
48 creatures vanquished.

Vanquished Creatures (others)
  A spectral weapon (D:4)
1 creature vanquished.

Grand Total: 49 creatures vanquished

Notes
Turn   | Place    | Note
-------+----------+-------------------------------------------
     0 | D:1      | Htamos the Formicid Skald began the quest for the Orb.
     0 | D:1      | Reached XP level 1. HP: 16/16 MP: 3/3
   354 | D:1      | Reached XP level 2. HP: 16/22 MP: 5/5
  1065 | D:2      | Reached XP level 3. HP: 26/28 MP: 6/6
  1445 | D:2      | Found an ornate altar of the Wu Jian Council.
  1781 | D:3      | Found a sacrificial altar of Ru.
  1786 | D:3      | Learned a level 3 spell: Spectral Weapon
  1819 | D:3      | Reached XP level 4. HP: 21/34 MP: 7/7
  2308 | D:3      | Reached skill level 3 in Polearms
  2308 | D:3      | Reached XP level 5. HP: 32/40 MP: 7/9
  2582 | D:3      | Found a hide-covered altar of Uskayaw.
  2583 | D:3      | Found an ancient bone altar of Kikubaaqudgha.
  2589 | D:3      | Found a basalt altar of Yredelemnul.
  2594 | D:3      | Found a burning altar of Makhleb.
  2595 | D:3      | Found a blossoming altar of Fedhas.
  2832 | D:3      | Became a worshipper of Makhleb the Destroyer
  2875 | D:3      | Found a radiant altar of Vehumet.
  2912 | D:4      | Noticed Edmund
  2986 | D:3      | Killed Edmund
  2986 | D:3      | Reached skill level 1 in Invocations
  2986 | D:3      | Reached XP level 6. HP: 22/47 MP: 7/10
  3203 | D:4      | Noticed an ogre
  3406 | D:4      | Noticed an ogre
  3528 | D:4      | Noticed a fire bat
  3528 | D:4      | an ogre changed into a fire bat
  3536 | D:4      | Noticed a steam dragon
  3536 | D:4      | a fire bat changed into a steam dragon
  3537 | D:4      | Noticed a fire bat
  3537 | D:4      | a steam dragon changed into a fire bat
  3538 | D:4      | a fire bat changed into a bullfrog
  3753 | D:4      | Noticed an orc warrior
  3769 | D:4      | Reached skill level 4 in Polearms
  3769 | D:4      | Reached XP level 7. HP: 34/52 MP: 5/11
  4006 | D:3      | HP: 2/52 [poisoned by an adder]
  4009 | D:3      | Succumbed to an adder's poison

Vault maps used:
D:1:      co_arrival_square_in_a_square_in_a_square
D:2:      nicolae_overflow_hidden_temple
D:3:      fiery_altar_vehumet, minitemple, grunt_ministairs_8, st_stairs_13
D:4:      kennysheep_mini, minmay_temple_entry_butterflies,
          ebering_ghost_reflecting_pool, first_ration, uniq_edmund

Skill      XL: |  1  2  3  4  5  6 |
---------------+-------------------+-----
Dodging        | 2 |  2.7
Polearms       | 3 4 |  4.0
Armour         | 2 |  2.7
Fighting       | 3 |  3.3
Spellcasting   | 3 |  3.1
Invocations    | 1 |  1.6
Charms         | |  3.8

Action                   |  1- 3 |  4- 6 |  7- 9 || total
-------------------------+-------+-------+-------++-------
Melee: Spear             |    94 |   157 |    11 ||   262
 Cast: Spectral Weapon   |       |     5 |       ||     5
 Abil: Dig               |       |     1 |       ||     1
Evoke: Wand              |       |     5 |       ||     5
  Use: Potion            |       |    11 |     1 ||    12
       Scroll            |       |       |     1 ||     1
 Stab: Distracted        |       |     1 |       ||     1
  Eat: Chunk             |     2 |     8 |       ||    10
Armor: Leather armour    |    22 |     1 |       ||    23
       Ring mail         |       |    45 |     3 ||    48
       Skin              |       |     8 |       ||     8
Dodge: Dodged            |    54 |    80 |    10 ||   144

Table legend:
 A = Spawn XP
 B = Non-spawn XP
 C = Spawn XP percentage of total XP
 D = Spawn monster count
 E = Non-spawn monster count
 F = Spawn count percentage of total count
 G = Total turns spent on level
                    A         B        C        D         E        F      G
               +---------+---------+-------+---------+---------+-------+---------
         Total |       0 |     557 |   0.0 |       0 |      48 |   0.0 |  4009
               +---------+---------+-------+---------+---------+-------+---------
           D:1 |       0 |      13 |   0.0 |       0 |       6 |   0.0 |   753
           D:2 |       0 |      43 |   0.0 |       0 |      17 |   0.0 |   969
           D:3 |       0 |     267 |   0.0 |       0 |      15 |   0.0 |  1472
           D:4 |       0 |     234 |   0.0 |       0 |      10 |   0.0 |   815
               +---------+---------+-------+---------+---------+-------+---------
